AoeStats
← 白鹿城拉车车

Nomad

509861678Analyzed
4v4 RM · 3d ago on Sep 28, 2026· 35m 51s· 8 players
Game mode
Random Map
Map size
231×231
Population
200
Speed
Normal
Resources
Standard
Victory
Conquest
Starting age
Dark Age
Ending age
Imperial Age
RankedLock teamsTeams togetherTeam positionsShared explorationLock speedFull tech treeHidden civsTurbo modeCheats
Victory
Defeat
🇦🇷 Turks · Argentina
1390
+16
🇨🇳 Varangians · China
1380
+16
🇮🇱 Inca · Israel
1317
+19
🇨🇳 Danes · China
1276
+21
🇭🇰 Khmer · Hong Kong SAR China
1432
-20
🇨🇳 Italians · China
1406
-19
🇨🇳 Japanese · China
1367
-17
🇨🇳 Slavs · China
1332
-16
虫
5:00 Loom
14:58 Feudal Age
15:42 Fishing Lines
19:23 Castle Age
18:37 Double-Bit Axe
18:41 Town Watch
20:15 Medium Warships
19:56 Gillnets
20:31 Bow Saw
20:38 Demolition Ship
22:11 Gold Mining
22:59 Wheelbarrow
25:57 Gold Shaft Mining
25:39 Hand Cart
28:10 Horse Collar
29:59 Town Patrol
29:55 Stone Mining
30:36 Heavy Plow
33:48 Stone Shaft Mining
37:04 Imperial Age
35:47 Scale Barding Armor
35:58 Forging
630406632
5:02 Loom
12:44 Feudal Age
17:46 Castle Age
16:17 Double-Bit Axe
18:43 Bow Saw
18:40 Horse Collar
19:37 Stone Mining
22:42 Fletching
25:27 Wheelbarrow
27:03 Bodkin Arrow
27:29 Arson
28:23 Scale Mail Armor
28:33 Forging
28:59 Yasama
29:14 Squires
31:24 Chain Mail Armor
32:49 Guard Tower
34:44 Gambesons
征南大将军
6:16 Loom
15:00 Feudal Age
19:30 Castle Age
17:18 Double-Bit Axe
21:20 Bow Saw
21:01 Gold Mining
23:33 Crossbowman
24:39 Thumb Ring
27:15 Fishing Lines
12014665
4:59 Loom
13:52 Feudal Age
17:57 Castle Age
16:12 Horse Collar
17:23 Fletching
18:11 Double-Bit Axe
20:55 Wheelbarrow
22:08 Bow Saw
25:07 Heavy Plow
26:27 Forging
32:25 Scale Barding Armor
felixaleman1010
4:30 Loom
15:58 Feudal Age
17:08 Double-Bit Axe
19:31 Castle Age
19:23 Forging
19:22 Scale Barding Armor
20:57 Gold Mining
22:13 Medium Warships
23:49 Gold Shaft Mining
23:33 Padded Archer Armor
24:40 Leather Archer Armor
29:26 Stone Mining
Mike
4:18 Loom
4:45 Loom
13:25 Feudal Age
15:25 Champi Runner
22:22 Castle Age
20:45 Scale Mail Armor
22:18 Arson
22:33 Champi Warrior
23:50 Chain Mail Armor
27:11 Forging
29:33 Double-Bit Axe
29:29 Horse Collar
30:50 Iron Casting
33:26 Squires
34:21 Wheelbarrow
微操大师蒋中正
3:52 Loom
13:51 Feudal Age
17:57 Castle Age
17:42 Double-Bit Axe
18:29 Town Watch
23:39 Squires
30:20 Fletching
36:02 Bodkin Arrow
白鹿城拉车车
5:13 Loom
14:12 Feudal Age
15:04 Double-Bit Axe
17:55 Castle Age
15:36 Fishing Lines
16:39 Fletching
17:24 Gold Mining
18:34 Gillnets
18:43 Bodkin Arrow
19:27 Bow Saw
21:16 Wheelbarrow
22:05 Ballistics
26:44 Clinker Construction
27:42 Hand Cart
28:18 Town Watch
30:58 Forging
30:48 Scale Mail Armor
30:59 Stone Mining
31:58 Horse Collar
32:03 Pikeman
32:43 Squires
32:30 Arson
32:35 Gambesons
32:51 Squires
33:12 Heavy Plow
33:42 Chain Mail Armor
35:16 Iron Casting
36:35 Stone Shaft Mining
Connection lost

Rejoining the realm…

Still unreachable

The connection could not be restored.

Session expired

The server has moved on; the page needs a fresh start.